 Dungeon Crawl Stone Soup version 0.29.1-4-g47bece8355 (webtiles) character file.

Game seed: 3886285970905156660

62 conradc the Trooper (level 3, -4/29 HPs)
             Began as a Demonspawn Monk on Dec 10, 2022.
             Slain by Terence
             ... wielding a +0 hand axe
              (7 damage)
             ... on level 3 of the Dungeon.
             The game lasted 00:03:57 (2165 turns).

conradc the Trooper (Demonspawn Monk)               Turns: 2165, Time: 00:03:59

Health: -4/29      AC:  6    Str: 11    XL:     3   Next: 85%
Magic:  3/3        EV: 13    Int: 13    God:
Gold:   104        SH:  0    Dex: 15    Spells: 3/3 levels left

rFire   . . .      SeeInvis .   a - +0 falchion
rCold   . . .      Faith    .   (no shield)
rNeg    . . .      Spirit   .   b - +0 robe
rPois   .          Reflect  .   (no helmet)
rElec   .          Harm     .   (no cloak)
rCorr   .          Rampage  .   (no gloves)
Will    .....                   (no boots)
Stlth   ++........              (no amulet)
HPRegen 0.09/turn               o - +4 ring of protection
MPRegen 0.08/turn               (no ring)

@: no status effects
A: sturdy frame 1
a: no special abilities


You were on level 3 of the Dungeon.
You visited 1 branch of the dungeon, and saw 3 of its levels.

You collected 104 gold pieces.

Inventory:

Hand Weapons
 a - a +0 falchion (weapon)
Armour
 b - a +0 robe (worn)
Jewellery
 o - a +4 ring of protection (left hand)
Scrolls
 f - 5 scrolls of identify {unknown}
 k - a scroll of enchant weapon {unknown}
 l - a scroll of acquirement {unknown}
 m - a scroll of fear {unknown}
 n - a scroll of torment {unknown}
 p - a scroll of blinking {unknown}
Potions
 c - a potion of ambrosia
 d - a potion of lignification {unknown}
 e - 3 potions of attraction {unknown}
 g - a potion of berserk rage {unknown}
 h - a potion of mutation {unknown}
 i - 3 potions of curing


   Skills:
 * Level 3.2 Fighting
 + Level 2.9 Long Blades
 + Level 1.1 Armour
 * Level 3.1 Dodging
 * Level 2.1 Stealth
 * Level 0.5 Spellcasting
 * Level 0.7 Necromancy
 * Level 0.9 Earth Magic


You had 3 spell levels left.
You didn't know any spells.
Your spell library contained the following spells:

 Spells                   Type           Power      Damage    Failure   Level
 Animate Dead             Necr           2%         N/A       91%         4
 Borgnjor's Vile Clutch   Necr/Erth      1%         N/A       99%         5
 Death Channel            Necr           1%         N/A       100%        6


Dungeon Overview and Level Annotations

Branches:
Dungeon (3/15)

Altars:
Uskayaw

Annotations:
D:3 Terence


Innate Abilities, Weirdness & Mutations

Your movements are slightly less encumbered by armour. (ER -2)


Message History

Terence drinks a potion.
Terence is healed!
Throw: dart (poison)
Press: ? - help, Q - select action Shift-Dir - straight line, f/p - Terence
Aim: Terence, wielding a +0 hand axe and wearing a +0 chain mail (lightly wounded, 67% to hit)
You throw a poisoned dart. The poisoned dart hits Terence.
Terence is poisoned.
Terence is lightly wounded.
Terence closely misses you.
Unknown command.
You hit Terence.
Terence is heavily wounded.
Terence hits you with a +0 hand axe. x2
You hit Terence but do no damage.
Terence is heavily wounded.
Terence closely misses you.
You hit Terence but do no damage.
Terence is heavily wounded.
Terence hits you with a +0 hand axe.
You hit Terence.
Terence is heavily wounded.
Terence looks more healthy.
Terence hits you but does no damage.
You hit Terence.
Terence is almost dead.
Terence misses you.
You hit Terence but do no damage.
Terence is almost dead.
Terence barely misses you.
You hit Terence but do no damage.
Terence is almost dead.
Terence misses you.
You hit Terence but do no damage.
Terence is almost dead.
Terence says, "How do you enjoy it?" Terence barely misses you.
You hit Terence but do no damage.
Terence is almost dead.
Terence hits you with a +0 hand axe.
* * * LOW HITPOINT WARNING * * *
Terence says, "Time to say good-bye..."
Terence hits you with a +0 hand axe!
You die...

# [. ... ..####### .
......# ....#####..#.##
#### .......@@g....#
#... ###########...#
#.## #..#...#######.##
### #....#....#....#.
....####...#..#.##.###.
..$......(.[..#.##.# #.
...................# #.
...#.....#####..#### #.
#....[.. #..# ..


You could see Terence and a goblin.

Vanquished Creatures
  A worm (D:2)
  2 dart slugs (D:2)
  5 ball pythons
  3 bats
  6 endoplasms
  2 giant cockroaches
  5 goblins
  6 hobgoblins
  2 jackals (D:2)
  6 quokkas
  3 frilled lizards
  4 kobolds
  2 rats
47 creatures vanquished.

Notes
Turn   | Place    | Note
-------+----------+-------------------------------------------
     0 | D:1      | conradc the Demonspawn Monk began the quest for the Orb.
     0 | D:1      | Reached XP level 1. HP: 18/18 MP: 1/1
    12 | D:1      | Noticed an electric eel
   258 | D:1      | Gained mutation: Your movements are slightly less
                  | encumbered by armour. (ER -2) [demonic ancestry]
   258 | D:1      | Reached XP level 2. HP: 8/24 MP: 2/2
   492 | D:1      | Found a faded altar of an unknown god.
  1091 | D:1      | Reached XP level 3. HP: 29/29 MP: 3/3
  1320 | D:2      | Found a hide-covered altar of Uskayaw.
  1405 | D:2      | Reached skill level 1 in Armour
  2135 | D:3      | Noticed Terence
  2165 | D:3      | Slain by Terence

Illustrated notes

Levels and vault maps discovered:
D:1:      arrival_aquarium_a, layout_loops_corners, basic_ecumenical_altar
D:2:      layout_basic, basic_altar
D:3:      layout_basic, ebering_ghost_sewer_f, uniq_terence

Skill      XL: |  1  2  3 |
---------------+----------+-----
Dodging        | 3 |  3.1
Stealth        | 2 |  2.1
Armour         | 1 |  1.1
Fighting       | |  3.2
Long Blades    | |  2.9
Spellcasting   | |  0.5
Necromancy     | |  0.7
Earth Magic    | |  0.9

Action                   || total
-------------------------++-------
Melee: Falchion          ||   128
       Punch             ||     1
Throw: Stone             ||     3
       Dart              ||     8
 Stab: Sleeping          ||     8
Armor: Robe              ||    18
Dodge: Dodged            ||    93
